 Dungeon Crawl Stone Soup version 0.29-a0-275-g389c0b56f3 (webtiles) character file.

Game seed: 15595859147794299561

32 Gatts13 the Skirmisher (level 3, 0/34 HPs)
             Began as a Hill Orc Berserker on Mar 12, 2022.
             Was a Follower of Trog.
             Slain by an adder (4 damage)
             ... on level 2 of the Dungeon.
             The game lasted 00:06:40 (1442 turns).

Gatts13 the Skirmisher (Hill Orc Berserker)         Turns: 1442, Time: 00:06:40

Health: 0/34       AC:  2    Str: 21    XL:     3   Next: 27%
Magic:  3/3        EV: 12    Int:  7    God:    Trog [*.....]
Gold:   6          SH:  0    Dex: 10    Spells: 2/2 levels left

rFire   . . .      SeeInvis .   a - +0 falchion
rCold   . . .      Faith    .   (no shield)
rNeg    . . .      Spirit   .   h - +0 robe
rPois   .          Reflect  .   (no helmet)
rElec   .          Harm     .   (no cloak)
rCorr   .          Rampage  .   (no gloves)
Will    .....                   (no boots)
Stlth   +.........              (no amulet)
HPRegen 0.11/turn               (no ring)
MPRegen 0.08/turn               (no ring)

@: lethally poisoned (0 -> -2)
A: no striking features
a: Renounce Religion, Berserk


You were on level 2 of the Dungeon.
You worshipped Trog.
Trog was aware of your devotion.
You visited 1 branch of the dungeon, and saw 2 of its levels.

You collected 6 gold pieces.

Inventory:

Hand Weapons
 a - a +0 falchion (weapon)
 e - a +2 dagger of venom
 i - a +0 short sword
Missiles
 f - 49 stones (quivered)
 k - 2 javelins
Armour
 b - a +0 animal skin
 h - a +0 robe (worn)
Scrolls
 c - 6 scrolls of identify {unknown}
 j - a scroll of torment {unknown}
Potions
 d - a potion of might {unknown}
 g - a potion of lignification {unknown}
 l - a potion of curing {unknown}


   Skills:
 + Level 4.4 Fighting
 + Level 3.7 Long Blades
 + Level 2.3 Armour
 + Level 1.8 Dodging
 + Level 0.3 Stealth


You had 2 spell levels left.
You didn't know any spells.
Your spell library contained the following spells:

 Spells                   Type           Power      Damage    Failure   Level
 Corpse Rot               Necr/Air       0%         N/A       56%         2
 Poisonous Vapours        Pois/Air       0%         N/A       56%         2


Dungeon Overview and Level Annotations

Branches:
Dungeon (2/15)

Altars:


Message History

You slide downwards.
The hatch slams shut behind you.
The adder hisses angrily.
You hit the adder.
The adder is heavily wounded.
The adder bites you.
You hit the adder.
The adder is almost dead.
The adder completely misses you. The adder bites you.
You hit the adder.
You kill the adder!
Trog accepts your kill. The adder bites you but does no damage.
You hit the adder but do no damage. The adder bites you.
You closely miss the adder. The adder barely misses you.
The adder closely misses you.
You closely miss the adder. The adder barely misses you.
You hit the adder.
The adder is lightly wounded.
The adder bites you but does no damage. The adder barely misses you.
You closely miss the adder.
The adder is lightly wounded.
The adder closely misses you.
You barely miss the adder. The adder bites you. x2
You are poisoned.
The adder poisons you!
You hit the adder.
The adder is moderately wounded.
You feel sick. The adder bites you.
* * * LOW HITPOINT WARNING * * *
You hit the adder.
The adder is severely wounded.
You feel sick. The adder barely misses you. The adder bites you.
* * * LOW HITPOINT WARNING * * *
You hit the adder.
The adder is severely wounded.
You feel sick. The adder barely misses you.
You hit the adder but do no damage.
The adder is severely wounded.
You feel sick. The adder bites you.
You die...

##+##
#...#
#...#
#.@.#
#S..#
#...#
#...#
#...#
#...#
##+##


You could see an adder.

Vanquished Creatures
  An adder (D:2)
  2 dart slugs (D:1)
  A ball python (D:1)
  3 bats (D:1)
  An endoplasm (D:1)
  3 goblins (D:1)
  A hobgoblin (D:1)
  2 jackals (D:1)
  3 frilled lizards (D:1)
  A kobold (D:1)
  A rat (D:1)
19 creatures vanquished.

Notes
Turn   | Place    | Note
-------+----------+-------------------------------------------
     0 | D:1      | Gatts13 the Hill Orc Berserker began the quest for the Orb.
     0 | D:1      | Reached XP level 1. HP: 19/19 MP: 1/1
   509 | D:1      | Reached XP level 2. HP: 27/27 MP: 2/2
   555 | D:1      | Reached skill level 4 in Fighting
  1314 | D:1      | Reached XP level 3. HP: 14/33 MP: 3/3
  1442 | D:2      | Slain by an adder

Illustrated notes

Levels and vault maps discovered:
D:1:      psy_arrival_whirlpool, layout_loops_corners
D:2:      layout_basic, uniq_crazy_yiuf_cottage

Skill      XL: |  1  2 |
---------------+-------+-----
Fighting       | 4 |  4.4
Long Blades    | |  3.7
Armour         | |  2.3
Dodging        | |  1.8
Stealth        | |  0.3

Action                   || total
-------------------------++-------
Melee: Falchion          ||    80
Armor: Robe              ||    18
       Animal skin       ||     2
Dodge: Dodged            ||    60

Table legend: (Time is in decaauts)
 A = Elapsed time spent in this place.
 B = Non-inter-level travel time spent in this place.
 C = Inter-level travel time spent in this place.
 D = Time resting spent in this place.
 E = Time spent auto-exploring this place.
 F = Levels seen in this place.
 G = Mean time per level.
                   A        B        C        D        E       F      G
               +--------+--------+--------+--------+--------+-----+--------+
         Total |   1454 |   1359 |     95 |    467 |      0 |   2 |  727.0 |
       Dungeon |   1454 |   1359 |     95 |    467 |      0 |   2 |  727.0 |
               +--------+--------+--------+--------+--------+-----+--------+

Top non-repeatable levels by time:
     D:1: 1439 daAuts
     D:2: 15 daAuts
